Map: Nightshade LE

Players

BabyZergling

  • Race: Protoss Protoss
  • League: Silver
  • Spawn Location: 11:00

ElSam - Winner!

  • Race: Protoss Protoss
  • League: Silver
  • Spawn Location: 5:00

VOD

Have the link to the VOD?

Description

Time

  • Played on: Jan. 5, 2020, 6:49 p.m.
  • Length: 14:46
Show
View Real Time Build Order
Export as new Build Order

BabyZergling Protoss 

Build Orders: 1 Gate Expand, Archon Immortal 

Get SALT Encoding   

  12  0:04  Probe (Chrono Boost)  
  13  0:13  Probe (Chrono Boost)  
  14  0:24  Probe  
  15  0:30  Pylon  
  15  0:48  Probe  
  16  0:56  Gateway  
  15  1:21  Nexus  
  15  1:22  Probe  
  16  1:27  Assimilator  
  16  1:29  Assimilator  
  16  1:34  Probe  
  17  1:46  Probe  
  18  1:53  Cybernetics Core  
  18  1:58  Probe  
  19  2:26  Pylon  
  19  2:27  Probe  
  19  2:28  Stalker (Chrono Boost)  
  19  2:29  Warp Gate  
  22  2:39  Pylon, Probe  
  23  2:51  Probe  
  24  2:59  Stalker  
  26  3:07  Robotics Facility  
  26  3:12  Pylon  
  26  3:25  Probe (Chrono Boost)  
  28  3:29  Stalker, Probe (Chrono Boost)  
  30  3:35  Gateway  
  30  3:39  Probe (Chrono Boost)  
  31  3:50  Gateway  
  31  3:56  Observer (Chrono Boost)  
  31  3:58  Probe x2  
  34  4:10  Probe  
  35  4:18  Twilight Council  
  35  4:20  Probe  
  35  4:21  Sentry  
  38  4:26  Probe  
  38  4:30  Immortal  
  43  4:37  Probe  
  44  4:38  Pylon  
  44  4:44  Probe  
  45  4:48  Stalker  
  45  4:49  Probe  
  45  4:52  Charge (Chrono Boost)  
  48  4:58  Probe  
  49  5:07  Forge  
  49  5:11  Pylon  
  49  5:14  Probe x2  
  50  5:18  Zealot, Assimilator  
  53  5:26  Probe x2  
  55  5:39  Immortal  
  59  5:45  Templar Archives, Probe  
  60  5:56  Stalker  
  62  5:57  Stalker x2  
  62  5:58  Probe x2  
  68  6:15  Nexus  
  68  6:33  High Templar  
  68  6:35  Probe x2  
  68  6:39  Assimilator  
  72  6:47  Immortal  
  72  6:50  Probe  
  72  6:51  Probe  
  78  7:14  Pylon  
  78  7:16  Nexus  
  78  7:20  Pylon  
  78  7:24  Pylon  
  78  7:31  Pylon  
  78  7:32  Probe x2  
  80  7:38  Pylon  
  80  7:42  Pylon  
  80  7:44  Stalker x2, Probe  
  80  7:45  Stalker  
  80  7:46  Photon Cannon  
  80  7:47  Photon Cannon  
  87  7:52  Psionic Storm  
  87  7:55  Probe  
  87  7:57  Gateway  
  88  7:59  Gateway  
  88  8:01  Gateway  
  88  8:04  Observer (Chrono Boost)  
  89  8:06  Probe  
  89  8:08  Protoss Ground Weapons Level 1  
  90  8:17  Zealot x2  
  90  8:18  Zealot  
  90  8:19  Probe  
  97  8:20  Probe  
  98  8:35  Photon Cannon  
  98  8:39  Assimilator  
  98  8:41  Photon Cannon  
  98  8:42  Assimilator, Probe x2  
  98  8:45  Photon Cannon  
  100  8:51  Photon Cannon  
  100  8:54  High Templar  
  100  8:55  High Templar  
  103  8:56  High Templar  
  105  9:03  Immortal  
  109  9:12  Probe x2  
  109  9:13  Pylon, Probe  
  112  9:19  Photon Cannon  
  112  9:21  Archon  
  112  9:22  Archon, Photon Cannon  
  112  9:36  Sentry x2, Stalker  
  112  9:37  Stalker  
  120  9:39  Stalker  
  122  9:45  Probe  
  122  9:46  Probe x2  
  122  9:48  Pylon  
  122  9:51  Immortal (Chrono Boost)  
  125  9:54  Blink (Chrono Boost)  
  125  9:58  Probe x2  
  130  10:23  Observer  
  130  10:24  High Templar  
  130  10:25  High Templar  
  130  10:26  Zealot  
  130  10:28  Stalker x2, Nexus  
  139  10:30  Pylon  
  139  10:32  Archon  
  139  10:34  High Templar, Pylon  
  143  10:41  Probe  
  143  10:42  Probe  
  145  10:43  Protoss Ground Weapons Level 2 (Chrono Boost), Probe  
  145  10:48  Pylon  
  146  10:55  Photon Cannon  
  146  10:58  Photon Cannon  
  146  11:09  Immortal  
  146  11:10  Probe  
  146  11:11  Probe x2  
  152  11:43  Probe x3  
  152  11:45  Probe  
  156  11:55  Probe x2  
  156  11:56  Zealot  
  156  11:57  Zealot x2, Stalker  
  156  11:58  Stalker  
  168  12:04  Pylon  
  167  12:10  Sentry  
  169  12:25  Probe x3  
  169  12:26  Probe  
  169  12:27  Photon Cannon  
  173  12:30  Shield Battery x2  
  173  12:32  Assimilator  
  173  12:34  High Templar x2  
  173  12:35  High Templar x2  
  182  12:44  Observer  
  182  12:48  Archon  
  105  13:23  Stalker  
  105  13:25  Stalker x2  
  105  13:26  Stalker x3  
  48  13:59  Zealot  
  48  14:02  Zealot  
  52  14:09  Zealot  
  50  14:25  Zealot  
  50  14:28  Zealot  
  46  14:31  Zealot  
Show
View Real Time Build Order
Export as new Build Order

ElSam Protoss - Winner!

Build Orders:  

Get SALT Encoding   

  12  0:02  Probe  
  13  0:14  Probe  
  13  0:19  Pylon  
  14  0:32  Probe  
  15  0:44  Probe (Chrono Boost)  
  16  0:51  Gateway  
  16  0:54  Probe (Chrono Boost)  
  17  1:10  Probe  
  18  1:22  Probe  
  19  1:28  Assimilator  
  19  1:34  Probe  
  20  1:46  Probe  
  21  1:50  Cybernetics Core  
  21  1:51  Assimilator  
  21  1:58  Probe  
  22  2:10  Probe  
  23  2:16  Nexus  
  23  2:20  Pylon  
  23  2:27  Warp Gate (Chrono Boost)  
  23  2:38  Stalker, Probe  
  26  2:50  Probe  
  27  3:02  Probe  
  28  3:06  Gateway  
  28  3:17  Probe  
  28  3:23  Pylon  
  28  3:29  Probe  
  28  3:31  Robotics Facility  
  28  3:32  Sentry  
  32  3:34  Probe (Chrono Boost)  
  32  3:40  Pylon  
  33  3:42  Probe (Chrono Boost)  
  33  3:46  Probe (Chrono Boost)  
  34  3:53  Shield Battery, Probe (Chrono Boost)  
  34  3:54  Probe (Chrono Boost)  
  36  3:57  Probe (Chrono Boost)  
  36  4:00  Gateway, Probe  
  38  4:09  Twilight Council, Probe (Chrono Boost)  
  39  4:12  Probe (Chrono Boost)  
  40  4:20  Assimilator  
  40  4:21  Probe (Chrono Boost)  
  40  4:22  Assimilator, Probe (Chrono Boost)  
  42  4:27  Stalker  
  44  4:34  Observer  
  44  4:38  Probe x2  
  47  4:52  Gateway x2  
  47  4:55  Gateway  
  47  4:57  Probe (Chrono Boost)  
  47  4:59  Pylon  
  49  5:02  Probe (Chrono Boost)  
  50  5:08  Probe (Chrono Boost)  
  50  5:10  Pylon  
  50  5:11  Probe (Chrono Boost)  
  51  5:14  Pylon  
  51  5:16  Blink (Chrono Boost)  
  51  5:18  Forge  
  51  5:24  Robotics Bay  
  51  5:48  Probe x2  
  53  5:53  Nexus  
  53  5:56  Pylon  
  53  5:58  Pylon  
  53  6:00  Probe x2  
  55  6:12  Probe x2  
  57  6:21  Stalker x3  
  63  6:38  Disruptor  
  66  6:41  Stalker  
  66  6:42  Stalker x2  
  66  6:43  Probe x2  
  74  6:56  Pylon  
  74  7:12  Assimilator  
  74  7:14  Assimilator  
  74  7:19  Charge (Chrono Boost), Gateway  
  74  7:21  Gateway  
  74  7:23  Gateway  
  74  7:25  Gateway  
  74  7:27  Gateway  
  74  7:28  Gateway  
  74  7:43  Shield Battery  
  74  7:46  Shield Battery  
  74  7:48  Photon Cannon  
  74  7:50  Probe x2 (Chrono Boost)  
  74  7:51  Probe (Chrono Boost)  
  77  7:52  Shield Battery  
  77  7:53  Templar Archives  
  77  7:58  Protoss Ground Weapons Level 1 (Chrono Boost)  
  77  8:03  Probe x3 (Chrono Boost)  
  80  8:06  Disruptor  
  80  8:11  Probe x2  
  80  8:12  Stalker x3  
  91  8:18  Stalker x2  
  91  8:19  Stalker  
  97  8:20  Zealot x3  
  97  8:27  Probe x2  
  105  8:38  Shield Battery  
  105  8:39  Photon Cannon  
  105  8:40  Shield Battery  
  107  8:42  Disruptor, Photon Cannon  
  108  8:55  Nexus  
  108  8:59  Pylon  
  108  9:01  High Templar  
  108  9:02  High Templar x6, Pylon  
  118  9:03  High Templar  
  118  9:08  Pylon  
  124  9:12  Pylon  
  124  9:18  Pylon  
  124  9:34  Stalker  
  124  9:36  High Templar x2  
  124  9:37  High Templar x2  
  134  9:39  Archon  
  134  9:40  Archon x4  
  134  9:41  Archon  
  134  9:50  Photon Cannon, Probe x2  
  134  9:51  Photon Cannon  
  136  9:54  Shield Battery  
  136  9:58  Pylon  
  136  9:59  Shield Battery  
  136  10:01  Shield Battery  
  136  10:17  Pylon  
  136  10:19  Pylon  
  136  10:22  Assimilator  
  136  10:24  Assimilator  
  136  10:30  Photon Cannon  
  136  10:31  Zealot  
  136  10:32  Zealot x3, Photon Cannon  
  144  10:36  Photon Cannon  
  144  10:38  Photon Cannon  
  144  11:05  Shield Battery  
  144  11:06  Photon Cannon, Probe (Chrono Boost)  
  144  11:08  Photon Cannon  
  144  11:09  Probe x3 (Chrono Boost)  
  144  11:10  Shield Battery  
  148  11:12  Shield Battery  
  148  11:17  High Templar  
  148  11:18  High Templar x5  
  157  11:19  High Templar x4  
  157  11:21  Zealot, Probe x3 (Chrono Boost)  
  157  11:22  Zealot, Probe (Chrono Boost)  
  176  11:30  Probe  
  176  11:31  Protoss Ground Armor Level 1 (Chrono Boost)  
  171  11:38  Forge  
  169  11:45  Pylon  
  169  11:48  Pylon  
  169  11:55  Archon x2  
  169  11:56  Archon x3  
  169  11:59  Immortal  
  173  12:04  Zealot  
  173  12:05  Zealot x6  
  173  12:06  Zealot x5  
  197  12:38  Observer  
  198  12:51  Probe x2  
  196  13:05  Nexus  
  132  13:57  Zealot x3  
  132  13:58  Zealot x5  
  132  13:59  Zealot x4  
Tags
 
Composition
Archon Immortal
Matchup
PvP
Spawn Locations
Cross Positions
Add a new tag
Caveats
  • Supply blocks, unpowered buildings, or Contaminate may cause inaccurate times.
  • Supply counts are checked every 10 seconds.